TOP OF THE 1ST |
Hammond Herons batting - Pitching for Yellowknife Dragonblood : LHP Carlos Díaz
|
Pitching: LHP Carlos Díaz
|
|
Batting: RHB Sancho Romero
|
0-0: Ball 1-0: Ball 2-0: Called Strike 2-1: Ball 3-1: Called Strike 3-2: Fly out, F9 (Flyball, 9S)
|
Batting: LHB Juan Villanueva
|
0-0: Called Strike 0-1: Swinging Strike 0-2: Ball 1-2: Ball 2-2: Foul Ball, location: 2F 2-2: Foul Ball, location: 2F 2-2: Strikes out swinging
|
Batting: RHB Edward Payne
|
0-0: Foul Ball, location: 2F 0-1: Fly out, F5 (Line Drive, 56)
|
Top of the 1st over - 0 run(s), 0 hit(s), 0 error(s), 0 left on base; Hammond 0 - Yellowknife 0 |
BOTTOM OF THE 1ST |
Yellowknife Dragonblood batting - Pitching for Hammond Herons : LHP Andrés Quezada
|
Pitching: LHP Andrés Quezada
|
|
Batting: RHB Sacha Nieuwenburg
|
0-0: Ball 1-0: Swinging Strike 1-1: Ball 2-1: Foul Ball, location: 2F 2-2: Fly out, F9 (Flyball, 89M)
|
Batting: RHB Javier De Jesús
|
0-0: Called Strike 0-1: Swinging Strike 0-2: Strikes out looking
|
Batting: RHB Curt Johnston
|
0-0: Swinging Strike 0-1: Foul Ball, location: 2F 0-2: SINGLE (Line Drive, 56D)
|
Batting: RHB Lloyd Walsh
|
0-0: Called Strike 0-1: Ball 1-1: Called Strike 1-2: Ball 2-2: Ball 3-2: Base on Balls Curt Johnston to second
|
Batting: RHB Tomás Martínez
|
0-0: Foul Ball, location: 2F 0-1: Fly out, F8 (Flyball, 8LM)
|
Bottom of the 1st over - 0 run(s), 1 hit(s), 0 error(s), 2 left on base; Hammond 0 - Yellowknife 0 |
TOP OF THE 2ND |
Hammond Herons batting - Pitching for Yellowknife Dragonblood : LHP Carlos Díaz
|
Batting: RHB Scott Zijm
|
0-0: Called Strike 0-1: Ball 1-1: Called Strike 1-2: Strikes out swinging
|
Batting: RHB Jorge Baker
|
0-0: Ball 1-0: Foul Ball, location: 2F 1-1: Foul Ball, location: 2F 1-2: Ball 2-2: Ball 3-2: Foul Ball, location: 2F 3-2: Foul Ball, location: 2F 3-2: DOUBLE (Flyball, 89D)
|
Batting: RHB Jimmy Dawson
|
0-0: Ball 1-0: Fly out, F8 (Flyball, 8RM)
|
Batting: RHB José Trombelli
|
0-0: Ball 1-0: Ball 2-0: Foul Ball, location: 2F 2-1: Called Strike 2-2: Foul Ball, location: 2F 2-2: Ball 3-2: SINGLE (Groundball, 56D) Jorge Baker to third Jorge Baker scores
|
Batting: SHB Will Boyle
|
0-0: Ball 1-0: Ball 2-0: Swinging Strike 2-1: Foul Ball, location: 2F 2-2: Foul Ball, location: 2F 2-2: TRIPLE (Flyball, 89XD) José Trombelli scores
|
Batting: RHB Pancho Núñez
|
0-0: Foul Ball, location: 2F 0-1: Called Strike 0-2: Ball 1-2: Strikes out looking
|
Top of the 2nd over - 2 run(s), 3 hit(s), 0 error(s), 1 left on base; Hammond 2 - Yellowknife 0 |
BOTTOM OF THE 2ND |
Yellowknife Dragonblood batting - Pitching for Hammond Herons : LHP Andrés Quezada
|
Batting: LHB José Vargas
|
0-0: SINGLE (Line Drive, 4D)
|
Batting: RHB Miguel Uribe
|
0-0: Grounds into double play, 5-4-3 (Groundball, 5)
|
Batting: RHB Jason Mann
|
0-0: Called Strike 0-1: Ball 1-1: Swinging Strike 1-2: Ball 2-2: Ball 3-2: Strikes out swinging
|
Bottom of the 2nd over - 0 run(s), 1 hit(s), 0 error(s), 0 left on base; Hammond 2 - Yellowknife 0 |
TOP OF THE 3RD |
Hammond Herons batting - Pitching for Yellowknife Dragonblood : LHP Carlos Díaz
|
Batting: RHB Sancho Romero
|
0-0: Ball 1-0: Called Strike 1-1: Called Strike 1-2: SINGLE (Groundball, 6MD)
|
Batting: LHB Juan Villanueva
|
0-0: Called Strike 0-1: Ball 1-1: Fly out, F6 (Popup, 6D)
|
Batting: RHB Edward Payne
|
0-0: Called Strike 0-1: Ball 1-1: Ball 2-1: Foul Ball, location: 2F 2-2: Ball 3-2: Foul Ball, location: 2F 3-2: Strikes out looking Sancho Romero is caught stealing 2nd base Batter strikes out.
|
Top of the 3rd over - 0 run(s), 1 hit(s), 0 error(s), 0 left on base; Hammond 2 - Yellowknife 0 |
BOTTOM OF THE 3RD |
Yellowknife Dragonblood batting - Pitching for Hammond Herons : LHP Andrés Quezada
|
Batting: RHB Raúl Moreno
|
0-0: Foul Ball, location: 2F 0-1: Ball 1-1: Foul Ball, location: 2F 1-2: Foul Ball, location: 2F 1-2: SINGLE (Flyball, 4D)
|
Batting: RHB Sacha Nieuwenburg
|
0-0: Swinging Strike 0-1: Ball 1-1: Swinging Strike 1-2: Ball 2-2: Grounds into double play, 5-4-3 (Groundball, 56)
|
Batting: RHB Javier De Jesús
|
0-0: Ground out U3 (Groundball, 3)
|
Bottom of the 3rd over - 0 run(s), 1 hit(s), 0 error(s), 0 left on base; Hammond 2 - Yellowknife 0 |
TOP OF THE 4TH |
Hammond Herons batting - Pitching for Yellowknife Dragonblood : LHP Carlos Díaz
|
Batting: RHB Scott Zijm
|
0-0: Ball 1-0: Called Strike 1-1: Swinging Strike 1-2: Foul Ball, location: 2F 1-2: Foul Ball, location: 2F 1-2: Ball 2-2: Ball 3-2: Foul Ball, location: 2F 3-2: Strikes out swinging
|
Batting: RHB Jorge Baker
|
0-0: Called Strike 0-1: Ball 1-1: Ball 2-1: Called Strike 2-2: Ball 3-2: Foul Ball, location: 2F 3-2: Base on Balls
|
Batting: RHB Jimmy Dawson
|
0-0: Ball 1-0: Ball 2-0: Ball 3-0: Foul Ball, location: 2F 3-1: Base on Balls Jorge Baker to second
|
Batting: RHB José Trombelli
|
0-0: Swinging Strike 0-1: Ball 1-1: SINGLE (Line Drive, 4MD) Jorge Baker to third Jimmy Dawson to second Runner from 3rd tries for Home, SAFE, throw made home Jimmy Dawson to third José Trombelli to second
|
Batting: SHB Will Boyle
|
0-0: Ground out 5-3 (Groundball, 15S) Jimmy Dawson scores José Trombelli to third
|
Batting: RHB Pancho Núñez
|
0-0: Ball 1-0: SINGLE (Groundball, 15S) (infield hit) José Trombelli scores
|
Batting: RHB Sancho Romero
|
0-0: Called Strike 0-1: Ground out 6-3 (Groundball, 6)
|
Top of the 4th over - 3 run(s), 2 hit(s), 0 error(s), 1 left on base; Hammond 5 - Yellowknife 0 |
BOTTOM OF THE 4TH |
Yellowknife Dragonblood batting - Pitching for Hammond Herons : LHP Andrés Quezada
|
Batting: RHB Curt Johnston
|
0-0: Ball 1-0: Called Strike 1-1: Foul Ball, location: 2F 1-2: Hit by Pitch
|
Batting: RHB Lloyd Walsh
|
0-0: Ball 1-0: Swinging Strike 1-1: Ball 2-1: SINGLE (Groundball, 6MD) Curt Johnston to second
|
Batting: RHB Tomás Martínez
|
0-0: Ball 1-0: Swinging Strike 1-1: Swinging Strike 1-2: Ball 2-2: Strikes out swinging
|
Batting: LHB José Vargas
|
0-0: Ground out 3-1 (Groundball, 34) Curt Johnston to third Lloyd Walsh to second
|
Batting: RHB Miguel Uribe
|
0-0: Called Strike 0-1: SINGLE (Flyball, 9S) Curt Johnston scores Lloyd Walsh to third Runner from 3rd tries for Home, SAFE, no throw or cutoff
|
Batting: RHB Jason Mann
|
0-0: Ball 1-0: Ball 2-0: Fly out, F3 (Popup, 3SF)
|
Bottom of the 4th over - 2 run(s), 2 hit(s), 0 error(s), 1 left on base; Hammond 5 - Yellowknife 2 |
TOP OF THE 5TH |
Hammond Herons batting - Pitching for Yellowknife Dragonblood : LHP Carlos Díaz
|
Batting: LHB Juan Villanueva
|
0-0: Called Strike 0-1: Ball 1-1: Ground out 4-3 (Groundball, 13)
|
Batting: RHB Edward Payne
|
0-0: Called Strike 0-1: Swinging Strike 0-2: Ball 1-2: Ball 2-2: Ball 3-2: Foul Ball, location: 2F 3-2: Base on Balls
|
Batting: RHB Scott Zijm
|
0-0: Ball 1-0: Fly out, F9 (Line Drive, 89M)
|
Batting: RHB Jorge Baker
|
0-0: Called Strike 0-1: Foul Ball, location: 2F 0-2: Ball 1-2: Strikes out swinging
|
Top of the 5th over - 0 run(s), 0 hit(s), 0 error(s), 1 left on base; Hammond 5 - Yellowknife 2 |
BOTTOM OF THE 5TH |
Yellowknife Dragonblood batting - Pitching for Hammond Herons : LHP Andrés Quezada
|
Batting: RHB Raúl Moreno
|
0-0: Called Strike 0-1: Swinging Strike 0-2: Ground out 6-3 (Groundball, 6)
|
Batting: RHB Sacha Nieuwenburg
|
0-0: Ball 1-0: SINGLE (Groundball, 56D)
|
Batting: RHB Javier De Jesús
|
0-0: Called Strike 0-1: Reached on error, E1 (Groundball, 25) Sacha Nieuwenburg to second
|
Batting: RHB Curt Johnston
|
0-0: Foul Ball, location: 2F 0-1: Ball 1-1: Grounds into double play, 4-6-3 (Groundball, 4)
|
Bottom of the 5th over - 0 run(s), 1 hit(s), 1 error(s), 1 left on base; Hammond 5 - Yellowknife 2 |
TOP OF THE 6TH |
Hammond Herons batting - Pitching for Yellowknife Dragonblood : LHP Carlos Díaz
|
Batting: RHB Jimmy Dawson
|
0-0: Ball 1-0: Ball 2-0: Foul Ball, location: 2F 2-1: Fly out, F8 (Flyball, 8LM)
|
Batting: RHB José Trombelli
|
0-0: Called Strike 0-1: Called Strike 0-2: SINGLE (Groundball, 4MD)
|
Batting: SHB Will Boyle
|
0-0: Ball 1-0: Ball 2-0: Called Strike 2-1: Ball 3-1: Foul Ball, location: 2F 3-2: Ground out 5-3 (Groundball, 56) José Trombelli to second
|
Pitching: RHP Pedro Lara
|
|
Batting: RHB Pancho Núñez
|
0-0: Ball 1-0: Ground out 6-3 (Groundball, 6)
|
Top of the 6th over - 0 run(s), 1 hit(s), 0 error(s), 1 left on base; Hammond 5 - Yellowknife 2 |
BOTTOM OF THE 6TH |
Yellowknife Dragonblood batting - Pitching for Hammond Herons : LHP Andrés Quezada
|
Batting: RHB Lloyd Walsh
|
0-0: Fly out, F3 (Popup, 3SF)
|
Batting: RHB Tomás Martínez
|
0-0: Called Strike 0-1: Ball 1-1: Called Strike 1-2: Strikes out swinging
|
Batting: LHB José Vargas
|
0-0: Foul Ball, location: 2F 0-1: Ball 1-1: Ball 2-1: Foul Ball, location: 2F 2-2: SINGLE (Groundball, 34)
|
Batting: RHB Miguel Uribe
|
0-0: Called Strike 0-1: Ball 1-1: Called Strike 1-2: Ground out 5-3 (Groundball, 5)
|
Bottom of the 6th over - 0 run(s), 1 hit(s), 0 error(s), 1 left on base; Hammond 5 - Yellowknife 2 |
TOP OF THE 7TH |
Hammond Herons batting - Pitching for Yellowknife Dragonblood : RHP Pedro Lara
|
Batting: RHB Sancho Romero
|
0-0: Foul Ball, location: 2F 0-1: Called Strike 0-2: Strikes out swinging
|
Batting: LHB Juan Villanueva
|
0-0: Ball 1-0: Foul Ball, location: 2F 1-1: Ball 2-1: Swinging Strike 2-2: Foul Ball, location: 2F 2-2: Ball 3-2: Strikes out swinging
|
Batting: RHB Edward Payne
|
0-0: Called Strike 0-1: Ground out 5-3 (Groundball, 5)
|
Top of the 7th over - 0 run(s), 0 hit(s), 0 error(s), 0 left on base; Hammond 5 - Yellowknife 2 |
BOTTOM OF THE 7TH |
Yellowknife Dragonblood batting - Pitching for Hammond Herons : LHP Andrés Quezada
|
Batting: RHB Jason Mann
|
0-0: Called Strike 0-1: Ball 1-1: Foul Ball, location: 2F 1-2: Foul Ball, location: 2F 1-2: Ground out 5-3 (Groundball, 56)
|
Batting: RHB Raúl Moreno
|
0-0: Foul Ball, location: 2F 0-1: Ball 1-1: Ground out 5-3 (Groundball, 5L)
|
Batting: RHB Sacha Nieuwenburg
|
0-0: Called Strike 0-1: Ball 1-1: Ball 2-1: Called Strike 2-2: Ball 3-2: Fly out, F8 (Flyball, 8LM)
|
Bottom of the 7th over - 0 run(s), 0 hit(s), 0 error(s), 0 left on base; Hammond 5 - Yellowknife 2 |
TOP OF THE 8TH |
Hammond Herons batting - Pitching for Yellowknife Dragonblood : RHP Pedro Lara
|
Batting: RHB Scott Zijm
|
0-0: Called Strike 0-1: Called Strike 0-2: Ball 1-2: Foul Ball, location: 2F 1-2: Strikes out swinging
|
Batting: RHB Jorge Baker
|
0-0: SINGLE (Groundball, 6M)
|
Batting: RHB Jimmy Dawson
|
0-0: Ball Wild Pitch! Jorge Baker to second 1-0: Swinging Strike 1-1: Foul Ball, location: 2F 1-2: Strikes out swinging
|
Batting: RHB José Trombelli
|
0-0: Ground out 6-3 (Groundball, 6M)
|
Top of the 8th over - 0 run(s), 1 hit(s), 0 error(s), 1 left on base; Hammond 5 - Yellowknife 2 |
BOTTOM OF THE 8TH |
Yellowknife Dragonblood batting - Pitching for Hammond Herons : LHP Andrés Quezada
|
Batting: RHB Javier De Jesús
|
0-0: Ball 1-0: Foul Ball, location: 2F 1-1: Ball 2-1: Swinging Strike 2-2: Fly out, F6 (Line Drive, 6D)
|
Batting: RHB Curt Johnston
|
0-0: Ball 1-0: Ball 2-0: Ball 3-0: Base on Balls
|
Batting: RHB Lloyd Walsh
|
0-0: Ball 1-0: Ball 2-0: Ball 3-0: Called Strike 3-1: Fielders Choice at 2nd, 1-6 (Groundball, 13S)
|
Pitching: RHP Arno Wilmetz
|
|
Batting: RHB Tomás Martínez
|
0-0: Ball 1-0: Fly out, F7 (Line Drive, 7D)
|
Bottom of the 8th over - 0 run(s), 0 hit(s), 0 error(s), 1 left on base; Hammond 5 - Yellowknife 2 |
TOP OF THE 9TH |
Hammond Herons batting - Pitching for Yellowknife Dragonblood : RHP Pedro Lara
|
Batting: SHB Will Boyle
|
0-0: Ball 1-0: Foul Ball, location: 2F 1-1: Fly out, F9 (Line Drive, 89M)
|
Batting: RHB Pancho Núñez
|
0-0: Ball 1-0: Called Strike 1-1: Ball 2-1: Ground out 5-3 (Groundball, 5)
|
Batting: RHB Sancho Romero
|
0-0: Ball 1-0: Ball 2-0: Foul Ball, location: 2F 2-1: Fly out, F7 (Flyball, 7D)
|
Top of the 9th over - 0 run(s), 0 hit(s), 0 error(s), 0 left on base; Hammond 5 - Yellowknife 2 |
BOTTOM OF THE 9TH |
Yellowknife Dragonblood batting - Pitching for Hammond Herons : RHP Arno Wilmetz
|
Pitching: LHP Luis Vega
|
|
Batting: LHB José Vargas
|
0-0: Called Strike 0-1: Swinging Strike 0-2: Ball 1-2: Foul Ball, location: 2F 1-2: Foul Ball, location: 2F 1-2: Strikes out swinging
|
Batting: RHB Miguel Uribe
|
0-0: Called Strike 0-1: Ball 1-1: Foul Ball, location: 2F 1-2: Ball 2-2: SINGLE (Groundball, 56D)
|
Batting: RHB Jason Mann
|
0-0: Ball 1-0: Fly out, F6 (Popup, 6D)
|
Batting: RHB Raúl Moreno
|
0-0: Ball 1-0: Swinging Strike 1-1: Ball 2-1: Fly out, F7 (Flyball, 7M)
|
Bottom of the 9th over - 0 run(s), 1 hit(s), 0 error(s), 1 left on base; Hammond 5 - Yellowknife 2 |
|